AoeStats
← dashuaibi

Pilgrims

508868494Analyzed
4v4 RM · 8d ago on Sep 24, 2026· 40m 48s· 8 players
Game mode
Random Map
Map size
Large (8 player)
Population
200
Speed
Normal
Resources
Standard
Victory
Conquest
Starting age
Dark Age
Ending age
Imperial Age
RankedLock teamsTeams togetherTeam positionsShared explorationLock speedFull tech treeHidden civsTurbo modeCheats
Victory
Defeat
1552
+9
🇨🇳 Huns · China
1463
+12
🇨🇳 Dravidians · China
1303
+18
🇨🇳 Persians · China
1281
+18
🇨🇳 Spanish · China
1400
-16
🇮🇳 Mongols · India
1363
-14
🇨🇳 Burgundians · China
1350
-14
🇦🇷 Berbers · Argentina
1333
-13
dashuaibi
11:33 Feudal Age
12:45 Double-Bit Axe
12:49 Fishing Lines
15:28 Castle Age
13:52 Horse Collar
16:59 Bow Saw
16:42 Gillnets
17:01 Padded Archer Armor
17:08 Scale Barding Armor
17:03 Stone Mining
17:03 Gold Mining
17:51 Heavy Plow
19:47 Wheelbarrow
20:59 Leather Archer Armor
23:19 Ballistics
27:12 Stone Shaft Mining
29:54 Imperial Age
27:09 Loom
28:55 Hand Cart
28:52 Fletching
29:23 Chain Barding Armor
32:15 Masonry
33:31 Conscription
34:10 Bloodlines
34:00 Husbandry
35:08 Elite Conquistador
36:55 Town Watch
37:43 Architecture
38:15 Chemistry
39:52 Ring Archer Armor
40:23 Plate Barding Armor
40:20 Architecture
39:46 Murder Holes
chanakya
4:41 Loom
12:35 Feudal Age
16:40 Castle Age
18:47 Fletching
22:46 Bodkin Arrow
KanA
10:27 Feudal Age
8:44 Loom
10:30 Feudal Age
18:35 Castle Age
17:15 Double-Bit Axe
17:11 Horse Collar
17:23 Gold Mining
17:24 Stone Mining
18:31 Fletching
19:13 Bodkin Arrow
29:47 Wheelbarrow
29:22 Bow Saw
28:54 Horse Collar
29:52 Gold Shaft Mining
34:37 Imperial Age
32:35 Hand Cart
32:23 Heavy Plow
88098560
3:42 Loom
12:50 Feudal Age
11:15 Double-Bit Axe
13:46 Gold Mining
14:07 Bow Saw
13:39 Horse Collar
15:21 Scale Mail Armor
18:28 Castle Age
17:09 Fletching
18:34 Padded Archer Armor
恩底弥翁之鹰
9:09 Loom
10:59 Feudal Age
11:29 Loom
15:07 Castle Age
14:18 Wheelbarrow
14:56 Gold Mining
19:02 Husbandry
19:44 Scale Barding Armor
22:41 Fishing Lines
24:20 Chain Barding Armor
24:11 Forging
24:24 Bloodlines
30:27 Iron Casting
33:38 Gillnets
36:52 Imperial Age
38:32 Conscription
帝国孙笑川
5:14 Loom
10:40 Feudal Age
11:14 Double-Bit Axe
15:45 Castle Age
13:59 Scale Barding Armor
14:48 Bloodlines
15:19 Forging
14:55 Fishing Lines
15:57 Light Cavalry
17:59 Wheelbarrow
17:49 Chain Barding Armor
18:31 Bow Saw
19:02 Gillnets
22:20 Horse Collar
23:01 Husbandry
26:46 Imperial Age
24:50 Gold Mining
26:53 Cavalier
30:56 Hand Cart
30:27 Town Watch
30:48 Heavy Plow
31:25 Plate Barding Armor
33:57 Conscription
37:36 Iron Casting
37:20 Paladin
41:01 Blast Furnace
42:00 Gold Shaft Mining
Elite Noob
8:32 Loom
10:49 Feudal Age
11:32 Double-Bit Axe
11:49 Fishing Lines
14:21 Castle Age
12:46 Fletching
12:48 Gold Mining
14:55 Padded Archer Armor
14:38 Crossbowman
15:45 Bow Saw
17:00 Wheelbarrow
19:43 Ballistics
21:21 Horse Collar
23:30 Bodkin Arrow
23:51 Leather Archer Armor
24:29 Hand Cart
30:12 Thumb Ring
30:38 Medical Corps
34:20 Imperial Age
34:08 Husbandry
34:24 Elite Elephant Archer
35:07 Bracer
35:38 Ring Archer Armor
36:24 Chemistry
38:12 Arbalester
39:02 Siege Elephant
39:50 Scale Barding Armor
灯窝森曾瑞卜药方松滴
11:16 Feudal Age
9:32 Loom
15:40 Castle Age
13:47 Fishing Lines
14:49 Fletching
16:22 Double-Bit Axe
17:43 Bow Saw
17:39 Bodkin Arrow
18:21 Gillnets
22:37 Coinage
25:26 Clinker Construction
29:15 Ballistics
Connection lost

Rejoining the realm…

Still unreachable

The connection could not be restored.

Session expired

The server has moved on; the page needs a fresh start.